 Dungeon Crawl Stone Soup version 0.32-a0-900-g30fb1b0edc (webtiles) character file.

Game seed: 16332682724954081164

21 Autsider the Caller (level 2, -1/15 HPs)
             Began as a Tengu Summoner on Apr 5, 2024.
             Slain by a kobold
             ... wielding a +1 dagger of venom
              (2 damage)
             ... on level 1 of the Dungeon.
             The game lasted 00:02:08 (1012 turns).

Autsider the Caller (Tengu Summoner)                Turns: 1012, Time: 00:02:08

Health: -1/15      AC:  2    Str:  8    XL:     2   Next: 83%
Magic:  5/6        EV: 11    Int: 15    God:
Gold:   24         SH:  0    Dex: 14    Spells: 5/6 levels left

rFire   . . .        c - +0 dagger (venom)
rCold   . . .        (no shield)
rNeg    . . .        a - +0 robe
rPois   .            (helmet restricted)
rElec   .            (no cloak)
rCorr   .            (no gloves)
SInv    .            (boots unavailable)
Will    .....        (no amulet)
Stlth   ++           (no ring)
HPRegen 0.22/turn    (no ring)
MPRegen 0.10/turn

%: acrobat
@: lethally poisoned (-1 -> -16)
A: beak, talons 3, acrobatic
a: no special abilities


You were on level 1 of the Dungeon.
You visited 1 branch of the dungeon, and saw 1 of its levels.

You collected 24 gold pieces.

Inventory:

Hand Weapons
 c - a +0 dagger of venom (weapon)
Missiles
 f - 2 throwing nets
Armour
 a - a +0 robe (worn)
Potions
 b - a potion of magic
 d - a potion of heal wounds {unknown}
 e - a potion of lignification {unknown}
 g - a potion of haste {unknown}


   Skills:
 - Level 2.1 Dodging
 - Level 2.0 Stealth
 + Level 2.5 Spellcasting
 + Level 5.3 Summonings


You had 5 spell levels left.
You knew the following spells:

 Your Spells              Type           Power      Damage    Failure   Level
a - Summon Small Mammal   Summ           68%        N/A       2%          1

Your spell library contained the following spells:

 Spells                   Type           Power      Damage    Failure   Level
 Call Imp                 Summ           34%        N/A       3%          2
 Call Canine Familiar     Summ           17%        N/A       7%          3
 Cigotuvi's Dreadful Rot  Necr/Alch/Air  2%         N/A       32%         2
 Animate Armour           Summ/Erth      18%        N/A       56%         4
 Martyr's Knell           Necr/Summ      9%         N/A       56%         4
 Summon Blazeheart Golem  Fire/Summ      9%         N/A       56%         4
 Summon Lightning Spire   Summ/Air       9%         N/A       56%         4
 Dispel Undead            Necr           1%         3d6       91%         4
 Lee's Rapid Deconstruct  Erth           0%         3d4*      99%         5


Dungeon Overview and Level Annotations

Branches:
Dungeon (1/15)

Altars:


Innate Abilities, Weirdness & Mutations

You have a beak for a mouth.
You have claws for feet.
You can magically evade attacks while moving or waiting.


Message History

The endoplasm quivers.
You hit the endoplasm. You claw the endoplasm.
You kill the endoplasm!
No target in view!
There is an open door here.
There is an open door here.
You now have 24 gold pieces (gained 4).
There is a stone staircase leading down here.
You see here a quokka skeleton.
A rat comes into view.
Okay, then.
The rat squeaks loudly.
The rat completely misses you.
You barely miss the rat. You claw the rat, but do no damage.
Your peck misses the rat. The rat bites you.
You hit the rat but do no damage.
The rat is poisoned.
You claw the rat.
You kill the rat!
No target in view!
No target in view!
No target in view!
No target in view!
No target in view!
No target in view!
A kobold comes into view. It is wielding a +1 dagger of venom.
The kobold shouts!
The kobold hits you with a +1 dagger of venom.
You barely miss the kobold. Your peck misses the kobold.
The kobold hits you with a +1 dagger of venom.
You are poisoned.
You barely miss the kobold.
You feel very sick.
The kobold hits you with a +1 dagger of venom.
* * * LOW HITPOINT WARNING * * *
You are more poisoned.
Casting: Summon Small Mammal (safe; 2% risk of failure)
Confirm with . or Enter, or press ? or * to list all spells.
* * * LOW HITPOINT WARNING * * *
You feel very sick.
The kobold hits you with a +1 dagger of venom.
You die...

####.### #.#
#......# #.#
#......# #..
#......# #..
#......# #..
#...†..# #>.
#......# #..
#.#########......#
#.#
#....K@b.......###
#.#
################
#.# #######.#
#........
#.#####.# #†# #.#
#.# #.# #.# #.#
#.# #.#


You could see a kobold (ally target) and a friendly bat (summoned).

Vanquished Creatures
  A ball python (D:1)
  An endoplasm (D:1)
  2 goblins (D:1)
  2 hobgoblins (D:1)
  3 jackals (D:1)
  2 quokkas (D:1)
  A bat (D:1)
  A kobold (D:1)
  2 rats (D:1)
15 creatures vanquished.

Vanquished Creatures (collateral kills)
  A goblin (D:1)
  A ball python (D:1)
  A bat (D:1)
3 creatures vanquished.

Grand Total: 18 creatures vanquished

Notes
Turn   | Place    | Note
-------+----------+-------------------------------------------
     0 | D:1      | Autsider the Tengu Summoner began the quest for the Orb.
     0 | D:1      | Reached XP level 1. HP: 10/10 MP: 4/4
   131 | D:1      | Reached skill level 5 in Summonings
   146 | D:1      | Reached XP level 2. HP: 15/15 MP: 6/6
   710 | D:1      | Found a faded altar of an unknown god.
  1012 | D:1      | Slain by a kobold

Illustrated notes

Levels and vault maps discovered:
D:1:      dpeg_arrival_rooms_b, layout_basic,
          dilly_ecumenical_altar_fadedgnrine, grunt_decor_clamped

Skill      XL: |  1 |
---------------+----+-----
Summonings     | 5 |  5.3
Dodging        | |  2.1
Stealth        | |  2.0
Spellcasting   | |  2.5

Action                     || total
---------------------------++-------
  Melee: Dagger            ||    39
         Kick              ||    10
         Peck              ||     4
         Unarmed           ||     1
   Cast: Summon Small Mamm ||     3
   Stab: Sleeping          ||     1
 Armour: Robe              ||    25
  Dodge: Dodged            ||    24

Table legend: (Time is in decaauts)
 A = Elapsed time spent in this place.
 B = Non-inter-level travel time spent in this place.
 C = Inter-level travel time spent in this place.
 D = Time resting spent in this place.
 E = Time spent auto-exploring this place.
 F = Levels seen in this place.
 G = Mean time per level.
                   A        B        C        D        E       F      G
               +--------+--------+--------+--------+--------+-----+--------+
         Total |   1011 |   1011 |      0 |      0 |    855 |   1 | 1011.0 |
       Dungeon |   1011 |   1011 |      0 |      0 |    855 |   1 | 1011.0 |
               +--------+--------+--------+--------+--------+-----+--------+

Top non-repeatable levels by time:
     D:1: 1011 daAuts
